Map: Prion Terraces

Players

LilDicky

  • Race: Terran Terran
  • League: Diamond

Yellow - Winner!

  • Race: Zerg Zerg
  • League: Diamond

VOD

http://www.twitch.tv/tumescentpie

Description

Time

  • Played on: Dec. 6, 2015, 1:05 a.m.
  • Length: 5:00
Show
View Real Time Build Order
Export as new Build Order

LilDicky Terran 

Build Orders: Reaper Expand 

Get SALT Encoding   

  12  0:01  SCV  
  13  0:13  SCV  
  14  0:18  Supply Depot  
  14  0:25  SCV  
  15  0:34  Refinery  
  15  0:40  SCV  
  16  0:44  Barracks  
  16  0:52  SCV  
  17  1:04  SCV  
  18  1:17  SCV  
  19  1:30  Command Center  
  19  1:33  Reaper  
  20  1:44  Orbital Command  
  20  2:11  Marine  
  21  2:19  SCV  
  22  2:23  Command Center  
  22  2:31  SCV  
  23  2:50  Supply Depot  
  23  2:51  Marine  
  23  2:55  Barracks  
  23  2:57  Barracks  
  23  3:12  Bunker  
  23  3:15  SCV, Marine  
  23  3:17  Bunker  
  25  3:22  Orbital Command  
  25  3:27  SCV  
  26  3:35  Marine  
  26  3:37  Orbital Command  
  26  3:39  SCV  
  28  3:50  SCV  
  28  3:51  Supply Depot  
  28  3:54  Barracks Tech Lab  
  28  3:55  Barracks Tech Lab  
  29  4:13  SCV  
  30  4:23  Marine x2  
  30  4:24  Marine  
  3  4:41  Marine x3  
Show
View Real Time Build Order
Export as new Build Order

Yellow Zerg - Winner!

Build Orders: Pool First 

Get SALT Encoding   

  12  0:01  Drone  
  13  0:09  Drone  
  14  0:26  Spawning Pool  
  13  0:30  Extractor  
  13  0:31  Drone  
  13  0:35  Drone  
  14  0:44  Overlord  
  14  1:03  Drone x2  
  14  1:04  Drone  
  17  1:12  Queen  
  17  1:17  Drone  
  20  1:26  Drone  
  21  1:34  Metabolic Boost  
  21  1:37  Zergling x2  
  22  1:52  Overlord  
  22  2:09  Hatchery  
  22  2:13  Zergling x4  
  23  2:22  Zergling x6  
  26  2:23  Zergling x2  
  26  2:29  Baneling Nest  
  26  2:34  Zergling x2  
  28  2:51  Evolution Chamber  
  26  3:06  Zergling x2  
  26  3:07  Zergling x4  
  26  3:09  Overlord x2  
  29  3:22  Zergling x4  
  29  3:23  Queen, Zergling x2  
  34  3:48  Zergling x2  
  35  3:49  Zergling x10  
  35  3:53  Baneling Nest  
  35  3:55  Drone  
  32  4:34  Zergling x2  
  32  4:35  Zergling x2  
  33  4:39  Zergling x4  
  33  4:40  Zergling x6  
  33  4:42  Zergling x2  
Tags
 
Add a new tag
Caveats
  • Supply blocks, unpowered buildings, or Contaminate may cause inaccurate times.
  • Supply counts are checked every 10 seconds.